Cogmind - Beta 15 @@@ ROGUE MODE // 2025.08.31 @ 09:16:41 Player: Sasha Result: Self-destructed Performance ------------- Evolutions (1) 500 Regions Visited (3) 600 Robots Destroyed (12) 60 Value Destroyed (244) 244 Prototype IDs (0) 0 Alien Tech Used (0) 0 Bonus (0) 0 TOTAL SCORE: 1404 Bonus ------- None Cogmind --------- Core Integrity 310/400 Matter 196/300 Energy 102/250 System Corruption 0% Temperature Cool (24) Movement Core (250) Ox4 Location -9/Materials Parts ------- > --- POWER (1) -------- Ion Engine > --- PROPULSION (2) --- (None) > --- UTILITY (4) ------ Small Storage Unit ECM Suite > --- WEAPON (2) ------- Medium Laser > --- INVENTORY (8) ---- Light Ion Engine Flight Unit Flight Unit Flight Unit Scrap Suit Peak State ------------ > --- POWER ------------ Ion Engine > --- PROPULSION ------- Light Treads Light Treads > --- UTILITY ---------- Small Storage Unit ECM Suite > --- WEAPON ----------- Assault Rifle Grenade Launcher > --- INVENTORY -------- Ion Engine Light Ion Engine Flight Unit Flight Unit Flight Unit Scrap Suit Medium Laser [Rating: 8] Favorites ----------- Power Ion Engine Engine Ion Engine Propulsion Aluminum Leg Treads Light Treads Leg Aluminum Leg Wheel Compact Wheel Flight Unit Flight Unit Utility Small Storage Unit Device Seismic Detector Storage Small Storage Unit Weapon Assault Rifle Energy Gun Medium Laser Ballistic Gun Assault Rifle Launcher Grenade Launcher Build | -11 -10 -10 -9 ------- Run | Yrd Mat Min Mat Slots Evolved 2 | . . . 2 Power . | . . . . Propulsion . | . . . . Utility 2 | . . . 2 Weapon . | . . . . Parts Attached 24 | 6 11 5 2 Power 3 | 1 1 . 1 Engine 3 | 1 1 . 1 Core . | . . . . Reactor . | . . . . Propulsion 9 | 2 3 4 . Treads 2 | . . 2 . Leg 3 | . 3 . . Wheel 2 | 2 . . . Hover . | . . . . Flight 2 | . . 2 . Utility 5 | 1 4 . . Device 4 | . 4 . . Storage 1 | 1 . . . Processor . | . . . . Hackware . | . . . . Protection . | . . . . Artifact . | . . . . Weapon 7 | 2 3 1 1 Energy Gun 2 | 1 . . 1 Energy Cannon . | . . . . Ballistic Gun 3 | 1 2 . . Ballistic Cannon . | . . . . Launcher 2 | . 1 1 . Special Weapon . | . . . . Impact Weapon . | . . . . Slashing Weapon . | . . . . Piercing Weapon . | . . . . Special Melee Weapon . | . . . . Unidentified Prototypes . | . . . . Parts Lost 6 | . 1 1 4 Power 1 | . . . 1 Propulsion 2 | . 1 . 1 Utility . | . . . . Weapon 3 | . . 1 2 Highest Loss Streak 3 | . 1 1 3 To Critical Strikes . | . . . . Average Backups 6 | 2 6 6 6 Power 1 | . . 1 1 Propulsion 2 | 1 2 2 3 Utility . | . 1 . 1 Weapon 1 | . 1 1 . Tool/Special . | . . . . Unused Backups 6 | . 4 . 2 Power 1 | . . . 1 Propulsion 2 | . 1 . 1 Utility 1 | . 1 . . Weapon 2 | . 2 . . Tool/Special . | . . . . Average Slot Usage (%) 96 | . 98 97 77 Engine 13 | . 13 14 11 Treads 6 | . . 21 22 Leg 16 | . 21 5 . Wheel 4 | . 6 . . Device 13 | . 13 14 11 Storage 13 | . 14 14 11 Energy Gun 6 | . 8 . 7 Ballistic Gun 13 | . 14 14 11 Launcher 6 | . 4 11 4 Peak Build Rating 8 | 6 7 8 8 Average Rating 6 | 4 6 6 7 On Entrance 5 | . 6 7 8 Naked Turns . | . . . . Heaviest Build 17 | 11 17 17 17 Greatest Support 40 | 32 32 40 40 Greatest Overweight (x) 2 | . 1 2 . Average Overweight (x) . | . . . . Largest Inventory Capacity 8 | 8 8 8 8 Average Capacity 7 | 6 8 8 8 Most Carried 8 | 4 8 8 8 Average Carried 6 | 2 6 6 7 Final Capacity 8 | 8 8 8 8 Final Carried 8 | 4 6 8 6 Class Distribution -------------------- 100% | Mutant Dominant Class ---------------- Mutant | -10/Materials Mutant | -10/Mines Mutant | -9/Materials Resources | -11 -10 -10 -9 ----------- Run | Yrd Mat Min Mat Matter Collected 525 | 176 222 127 . Remotely 30 | . 30 . . Salvage Created 265 | . 83 65 117 Parts 20 | . 6 9 5 Haulers Intercepted . | . . . . Recyclers Shooed . | . . . . Parts Field Recycled . | . . . . Retrieved Matter . | . . . . Parts Self-Destructed . | . . . . Prevented . | . . . . Kills | -11 -10 -10 -9 ------- Run | Yrd Mat Min Mat Combat Hostiles Destroyed 11 | . 2 6 3 Guns 8 | . 2 3 3 AOE 3 | . . 3 . Classes Destroyed 3 | . 1 2 . Worker 1 | . . 1 . Swarmer 6 | . . 6 . Grunt 5 | . 2 . 3 Best Kill Streak 4 | . 2 4 2 Combat Bots Only 3 | . 2 3 2 Max Kills in Single Turn 3 | . 1 3 1 Gunslinging . | . . . . Exploded 2 | . . 2 . Melee . | . . . . Uniques/NPCs Destroyed . | . . . . Combat | -11 -10 -10 -9 -------- Run | Yrd Mat Min Mat Hostile Shots Fired 137 | . 14 63 60 Missed 39 | . 4 18 17 Hits 98 | . 10 45 43 Melee 2 | . . . 2 Projectile 96 | . 10 45 41 Critical Strikes 2 | . . . 2 Damage Taken 1047 | . 114 394 539 Core 176 | . 34 52 90 Absorbed by Shields . | . . . . Core Remaining (%) 82 | 100 . 65 . Volleys Fired 55 | . 13 25 17 Largest 2 | . 2 2 2 Hottest 70 | . 70 50 70 Shots Fired 87 | . 26 27 34 Gun 85 | . 26 25 34 Cannon . | . . . . Launcher 2 | . . 2 . Special . | . . . . Kinetic 55 | . 13 25 17 Thermal 30 | . 13 . 17 Explosive 2 | . . 2 . Electromagnetic . | . . . . Robot Hit Streak 8 | . 8 5 4 Robot Miss Streak 4 | . 2 4 3 Penetration Max . | . . . . Secondary Targets 1 | . . . 1 Max Gunslinging Chain 1 | . . . 1 Shots Hit Robots 54 | . 20 13 21 Core Hits 21 | . 5 9 7 Critical Kills . | . . . . Critical Parts Destroyed . | . . . . Critical Strikes 1 | . . . 1 Burn 1 | . . . 1 Melee Attacks . | . . . . Impact . | . . . . Slashing . | . . . . Piercing . | . . . . Sneak Attacks . | . . . . Combat Hostiles . | . . . . Follow-up Attacks . | . . . . Damage Inflicted 907 | . 211 414 282 Guns 652 | . 211 159 282 Cannons . | . . . . Explosions 255 | . . 255 . Melee . | . . . . Ramming . | . . . . Kinetic 386 | . 84 159 143 Thermal 266 | . 127 . 139 Explosive 255 | . . 255 . Electromagnetic . | . . . . Impact . | . . . . Slashing . | . . . . Piercing . | . . . . Highest Corruption . | . . . . Average Corruption . | . . . . Corruption Purged . | . . . . Corruption Blocked . | . . . . Overload Shots . | . . . . Overflow Damage . | . . . . Projectiles . | . . . . Explosions . | . . . . Melee . | . . . . Knockbacks . | . . . . Impact . | . . . . Kinetic . | . . . . Secondary . | . . . . Self-Inflicted Damage 29 | . . 29 . Shots 2 | . . 2 . Rammed . | . . . . Targets Rammed . | . . . . Kicked . | . . . . Crushed . | . . . . Highest Temperature 210 | . 210 . 168 Average Temperature 91 | . 93 . 89 Received Heat Transfer 297 | . 60 . 237 Siege Activations . | . . . . Martial Activations . | . . . . Shielding Activations . | . . . . Robots Disrupted . | . . . . Combat Hostiles . | . . . . Robots Corrupted . | . . . . Combat Hostiles . | . . . . Parts Fried . | . . . . Impact Corruptions . | . . . . Robots Melted . | . . . . Combat Hostiles . | . . . . Parts Melted 1 | . . . 1 Heat Transferred 851 | . 370 . 481 Parts Sabotaged . | . . . . Parts Stolen . | . . . . Parts Stripped . | . . . . Power Chain Reactions . | . . . . Alert | -11 -10 -10 -9 ------- Run | Yrd Mat Min Mat Maximum Alert Level . | . . . . Low Security (%) 100 | 100 100 100 100 Level 1 . | . . . . Level 2 . | . . . . Level 3 . | . . . . Level 4 . | . . . . Level 5 . | . . . . High Security . | . . . . Max Security . | . . . . Peak Influence 73 | . 30 73 60 Initial 24 | . . . 24 Average 5 | . 1 13 28 Influence Increases 286 | . 63 153 70 Destroy 0b10 Robot/C 220 | . 40 120 60 Destroy 0b10 Robot/NC 5 | . . 5 . Destroy Leader 40 | . 10 20 10 Successful Hack 13 | . 13 . . Destroy Structure 8 | . . 8 . Influence Decreases 276 | . 63 90 123 Entered New Map 39 | . . . 39 Time Decay 177 | . 53 80 44 Lost Part 60 | . 10 10 40 Squads Dispatched 1 | . 1 . . Investigation . | . . . . Extermination . | . . . . Reinforcement 1 | . 1 . . Assault . | . . . . Garrison . | . . . . Intercept . | . . . . Searches Triggered . | . . . . Construction Impeded . | . . . . Haulers Reinforced . | . . . . Active Scanning Responses . | . . . . Cargo Convoy Interrupts . | . . . . Stealth | -11 -10 -10 -9 --------- Run | Yrd Mat Min Mat Distress Signals 3 | . 2 . 1 Communications Jammed . | . . . . Distress Signals . | . . . . Times Spotted 19 | . 3 8 8 Peak Tracking Total 6 | . 2 3 6 Tactical Retreats 1 | . . 1 . Traps | -11 -10 -10 -9 ------- Run | Yrd Mat Min Mat Traps Triggered . | . . . . Indirectly . | . . . . Trap Hack Attempts . | . . . . Triggered . | . . . . Disarmed . | . . . . Reprogrammed . | . . . . Reused . | . . . . Traps Extracted . | . . . . Installed . | . . . . Triggered . | . . . . Machines | -11 -10 -10 -9 ---------- Run | Yrd Mat Min Mat Machines Disabled . | . . . . Max in Single Turn . | . . . . Machines Repaired . | . . . . Machines Dismantled . | . . . . Machines Sabotaged . | . . . . Overloaded Fab Kills . | . . . . Hacking | -11 -10 -10 -9 --------- Run | Yrd Mat Min Mat Machines Accessed 7 | . 7 . . Terminals 5 | . 5 . . Fabricators . | . . . . Repair Stations . | . . . . Recycling Units 2 | . 2 . . Scanalyzers . | . . . . Garrison Access . | . . . . Total Hacks 14 | . 14 . . Successful 8 | . 8 . . Failed 6 | . 6 . . Catastrophic 1 | . 1 . . Database Lockouts . | . . . . Manual 7 | . 7 . . Terminals 10 | . 10 . . Fabricators . | . . . . Repair Stations . | . . . . Recycling Units 4 | . 4 . . Scanalyzers . | . . . . Garrison Access . | . . . . Terminal Hacks 4 | . 4 . . Alert Level 1 | . 1 . . Investigation Status 1 | . 1 . . Recall Investigation 1 | . 1 . . Zone Layout 1 | . 1 . . Fabricator Hacks . | . . . . Repair Station Hacks . | . . . . Recycling Unit Hacks 4 | . 4 . . Recycle Component 2 | . 2 . . Process 1 | . 1 . . Report Inventory 1 | . 1 . . Scanalyzer . | . . . . Garrison Access Hacks . | . . . . Unauthorized Hacks . | . . . . Terminals . | . . . . Fabricators . | . . . . Repair Stations . | . . . . Recycling Units . | . . . . Scanalyzers . | . . . . Garrison Access . | . . . . Data Cores Recovered . | . . . . Used . | . . . . Hacking Detections 5 | . 5 . . Full Trace Events 1 | . 1 . . Feedback Events . | . . . . Feedback Blocked . | . . . . Robot Schematics Acquired . | . . . . Robots Built . | . . . . Authchips . | . . . . Time . | . . . . Total Robot Build Rating . | . . . . Part Schematics Acquired . | . . . . Parts Built . | . . . . Authchips . | . . . . Time . | . . . . Total Part Build Rating . | . . . . Parts Repaired . | . . . . Time . | . . . . Parts Recycled 2 | . 2 . . Recycled Matter 450 | . 450 . . Retrieved Matter . | . . . . Retrieved Components . | . . . . Parts Scanalyzed . | . . . . Part Schematics Acquired . | . . . . Parts Damaged . | . . . . Bothacking | -11 -10 -10 -9 ------------ Run | Yrd Mat Min Mat Used RIF Installer . | . . . . Robots Hacked . | . . . . Non-combat . | . . . . Combat . | . . . . Robot Hacks Applied . | . . . . Relay Couplers Released . | . . . . Fabnet Peak Effective % . | . . . . Robots Rewired . | . . . . Allies Hacked . | . . . . Hacks Repelled . | . . . . Allies | -11 -10 -10 -9 -------- Run | Yrd Mat Min Mat Total Allies . | . . . . Largest Group . | . . . . Highest-Rated Group . | . . . . Highest-Rated Ally . | . . . . Total Orders . | . . . . Ally Attacks . | . . . . Total Damage . | . . . . Kills . | . . . . Allies Corrupted . | . . . . Allies Melted . | . . . . Intel | -11 -10 -10 -9 ------- Run | Yrd Mat Min Mat Active Infowar (turns) 1268 | . 878 287 103 Structural 12 | . 12 . . Seismic 740 | . 740 . . ECM 516 | . 126 287 103 Robot Analysis Total . | . . . . Derelict Logs Recovered 1 | . . 1 . Drone Launches . | . . . . Drone Recoveries . | . . . . Exploration | -11 -10 -10 -9 ------------- Run | Yrd Mat Min Mat Turns Passed 1387 | 56 941 287 103 Spaces Moved 910 | 44 700 135 31 Core 1 | 1 . . . Treads 165 | . . 134 31 Legs 576 | . 576 . . Wheels 167 | 43 124 . . Hover . | . . . . Flight 1 | . . 1 . Fastest Speed 50 | 50 100 160 160 Average Speed 123 | 98 116 160 160 Slowest Speed 197 | 100 190 197 160 Overloaded Moves . | . . . . Propulsion Burnouts . | . . . . Robots Hopped . | . . . . Potential Cave-ins . | . . . . Cave-ins Triggered . | . . . . Exploration Rate (%) 30 | 4 76 33 7 Regions Visited 3 Branch Regions 1 Pre-discovered Areas . | . . . . Known Exits Taken . | . . . . Unknown Exits Taken 3 | 1 1 1 . Scrap Searched 1 | . . 1 . Spaces Dug . | . . . . Terrain Destroyed 9 | . . 9 . Melee . | . . . . Projectile . | . . . . AOE 9 | . . 9 . Terrain Rammed . | . . . . Walls Destroyed . | . . . . Machines Disabled . | . . . . Actions | -11 -10 -10 -9 --------- Run | Yrd Mat Min Mat Total 1082 | 53 802 177 50 Wait 52 | . 52 . . Move 907 | 43 699 134 31 Hop . | . . . . Pick Up 21 | 4 12 5 . Fast Attach 11 | 6 5 . . Attach 6 | . 2 2 2 Detach 3 | . 2 1 . Swap 13 | . 6 7 . Drop 14 | . 11 3 . Fire 55 | . 13 25 17 Melee . | . . . . Ram . | . . . . Kick . | . . . . Crush . | . . . . Escape Stasis . | . . . . Rewire . | . . . . Trap . | . . . . Miscellaneous . | . . . . Route ------- -11/Scrapyard -10/Materials (discovered 2 exits: [*Mat] / [*Min]) -10/Mines -9/Materials (discovered 1 exit: Mat) History --------- Turn | Location | Event 9 | -11/Scrapyard | Discovered new exit (range 16) 57 | -11/Scrapyard | Entered Materials 58 | -10/Materials | Met a group of wandering Federalists 327 | -10/Materials | Build established: Mutant 484 | -10/Materials | Discovered new exit (range 15) 747 | -10/Materials | Discovered new exit (range 11) 998 | -10/Materials | Entered Mines 1182 | -10/Mines | Learned location of 1 exit from Materials 1241 | -10/Mines | Found a Scrap Suit stashed away for nefarious purposes 1244 | -10/Mines | Found Scrap Suit 1245 | -10/Mines | Discovered new exit (range 12) 1285 | -10/Mines | Entered Materials 1285 | -9/Materials | Evolved 2 slots: Utility x2 1286 | -9/Materials | Identified exit to Materials 1388 | -9/Materials | Self-destructed Last Messages --------------- K-01 Serf collects debris. Extracted 47 matter. K-01 Serf collects debris. PARAMETERS=UTILITY+2 LOCATION=UNKNOWN GOAL=ESCAPE Loading 1 Materials exit... Grenade Launcher destroyed. G-47 Trooper suffers critical hit (Burn). G-47 Trooper destroyed. Switching to secondary target: G-34 Mercenary. Ion Engine melted. G-34 Mercenary destroyed. C-30 ARC bursts open, deploying its payload. L-31 Rogue unfolds itself. G-34 Mercenary unfolds itself. Ion Engine destroyed. Lgt. Treads severed. Assault Rifle destroyed. Lgt. Treads destroyed. Map ----- +----------------------------------------------------+ | ?????????????????????????????????????????????????? | | ?????????????????????????????????????????????????? | | ?????????????????????????????????????????????????? | | ?????????????????????????????????????????????????? | | ?????????????????????????????????????????????????? | | ?????????????????????????????????????????????????? | | ?????????????????????????????????????????????????? | | ?????????????????????????????????????????????????? | | ?????????????????????????????????????????????????? | | ?????????????????????????????????????????????????? | | ??????????????????????? ????????????????????????? | | ?????????????????????# #???????????????????????? | | ??????????????????#### #???????????????????????? | | ??????????????????[[ #???????????????????????? | | ???????????????????[ ########????????????????? | | ???????????????????] w ????????????????? | | ???????????????????? ????????????????? | | ???????????????????? """ ""????????????? | | ????????????????????? """ "?????????????? | | ?????????????????????# """ "?????????????? | | ?????????????????????# ??????????????? | | ?????????????######### ???????????????? | | ?????????????# """ ""????????????? | | ?????????????# w """ ""????????????? | | ?????????????# """ """ ?????????? | | ?????????????# @ ????????? | | ?????????????# l = ????????? | | ?????????????######## %""" """ ? ????????? | | ????????????????????# """=%""" ????????? | | ????????????????????# """%*""" ????????? | | ????????????????????# *! ????????? | | ????????????????????# ????????? | | ????????????????????# """ ?????????? | | ????????????????????# gg """???????????? | | ????????????????????#### """ ""???????? | | ???????????????????????# " ?????? | | ???????????????????????# "%" ?????? | | ???????????????????????############ " ?????? | | ???????????????????????????????????? ##???????? | | ????????????????????????????????????? ???????????? | | ?????????????????????????????????????????????????? | | ?????????????????????????????????????????????????? | | ?????????????????????????????????????????????????? | | ?????????????????????????????????????????????????? | | ?????????????????????????????????????????????????? | | ?????????????????????????????????????????????????? | | ?????????????????????????????????????????????????? | | ?????????????????????????????????????????????????? | | ?????????????????????????????????????????????????? | | ?????????????????????????????????????????????????? | +----------------------------------------------------+ Best States ------------- Heat Dissipation 28 Energy Generation 10 Energy Capacity 250 Matter Stores 300 Matter Capacity 300 Sight Range 16 Terrain Scan Density 10 ECM Strength 1 Evasion (%) 55 Recoil Reduction 2 Item Schematics ----------------- None Robot Schematics ------------------ None Fabricated ------------ Nothing Repaired ---------- Nothing Alien Tech Used ----------------- None Achievements -------------- None Challenges ------------ None Game ------ Seed GravityIntegratedDeflector Manual? 0 Play Time 00:28:00 Cumulative 11.7 hours Start 2025.08.31 @ 08:48:52 End 2025.08.31 @ 09:16:41 Sessions 1 Manual Loads 0 Difficulty Rogue Special Mode None Game No. 25 Rogue 24 Adventurer 1 Explorer 0 Win Type - Total 0 Types 0/0/0/0/0/0/0/0/0/0 Lore% 5 Gallery% 15 Achievement% 17 Wizard Run 0 Options --------- Layout 1 ASCII 0 Keyboard 0 Movement Numpad Keybinds 0 Fullscreen 1 Font 24/Smallcaps Map View 50x35 Zoom Use 0% Tactical HUD 0 Map Filters NONE Filters NONE Steam 1 RUN: 095b5bea-95bd-4278-b167-b8678712353b